 Dungeon Crawl Stone Soup version 0.28-b1-25-g9875b3fc8c (webtiles) character file.

Game seed: 16781650092692300415

590 Esekla the Skirmisher (level 7, -1/48 HPs)
             Began as an Octopode Cinder Acolyte on Feb 1, 2022.
             Was a High Priest of Ignis.
             Slain by a bullfrog zombie (6 damage)
             ... in an ossuary.
             The game lasted 00:39:58 (6643 turns).

Esekla the Skirmisher (Octopode Cinder Acolyte)     Turns: 6643, Time: 00:39:59

Health: -1/48      AC:  1    Str: 14    XL:     7   Next: 38%
Magic:  3/12       EV: 13    Int: 18    God:    Ignis [*****.]
Gold:   237        SH:  0    Dex:  7    Spells: 10/12 levels left

rFire   + . .      SeeInvis .   q - +7 great mace "Undeadhunter" {disrupt, rN+}
rCold   . . .      Faith    .   (shield currently unavailable)
rNeg    + . .      Spirit   .   (helmet restricted)
rPois   .          Reflect  .   (no amulet)
rElec   .          Harm     .   (no ring)
rCorr   .          Rampage  .   (no ring)
Will    .....                   (no ring)
Stlth   +++.......              (no ring)
HPRegen 0.16/turn               (no ring)
MPRegen 0.13/turn               (no ring)
                                (no ring)
                                (no ring)

@: brilliant, slowed, invisible, very slow
A: almost no armour, amphibious, 8 rings, camouflage 1, gelatinous body 1,
(nimble swimmer 1), tentacles
a: Renounce Religion, Fiery Armour, Foxfire Swarm, Rising Flame


You were in an ossuary.
You worshipped Ignis.
Ignis was extremely pleased with you.
You visited 2 branches of the dungeon, and saw 6 of its levels.
You also visited: Sewer and Ossuary.

You collected 237 gold pieces.

Inventory:

Hand Weapons
 a - a -1 falchion of flaming
 q - the +7 great mace "Undeadhunter" (weapon) {disrupt, rN+}
   (You found it on level 5 of the Dungeon)

   It inflicts significantly more damage against the undead.
   rN:        It protects you from negative energy.
 r - a +2 halberd of venom
 s - a +0 dagger
Missiles
 f - 2 javelins (quivered)
 g - a throwing net
 o - 4 curare-tipped darts
 p - 5 poisoned darts
Scrolls
 e - 5 scrolls of amnesia {unknown}
 h - a scroll of torment {unknown}
 i - a scroll of noise {unknown}
 k - a scroll of immolation {unknown}
 l - a scroll of fog {unknown}
Potions
 b - a potion of might {unknown}
 c - a potion of brilliance
 d - 2 potions of invisibility
 j - a potion of heal wounds
 m - a potion of degeneration {unknown}
 n - a potion of curing {unknown}


   Skills:
 * Level 4.3 Fighting
 + Level 1.0(2.9) Short Blades
 + Level 4.2(4.3) Long Blades
 * Level 0.2 Maces & Flails
 + Level 0.1 Throwing
 * Level 2.2 Dodging
 + Level 2.9 Stealth
 * Level 3.3 Spellcasting
 * Level 0.6 Transmutations
 + Level 3.8 Fire Magic
 * Level 0.6 Air Magic
 * Level 1.3 Earth Magic


You had 10 spell levels left.
You knew the following spells:

 Your Spells              Type           Power      Damage    Failure   Level
a - Scorch                Fire           50%        2d7       4%          2

Your spell library contained the following spells:

 Spells                   Type           Power      Damage    Failure   Level
 Passwall                 Tmut/Erth      7%         N/A       16%         2
 Ensorcelled Hibernation  Hex/Ice        8%         N/A       24%         2
 Swiftness                Air            8%         N/A       34%         3
 Confusing Touch          Hex            4%         N/A       43%         3
 Yara's Violent Unravell  Hex/Tmut       3%         3d4       98%         5
 Enfeeble                 Hex            2%         N/A       100%        7


Dungeon Overview and Level Annotations

Branches:
Dungeon (5/15)             Temple (1/1) D:4           Sewer (visited)
Ossuary (1/1)

Altars:
Ashenzari
Elyvilon
Fedhas
Gozag
Hepliaklqana
Kikubaaqudgha
Nemelex Xobeh
Okawaru
Qazlal
Ru
Trog
Uskayaw
Xom
Yredelemnul
Zin
The Shining One

Shops:
D:1 [   D:2 (

Annotations:
D:3 black bear
D:5 2 transporters, Eustachio; crazypyro's ghost, amateur DsFi


Innate Abilities, Weirdness & Mutations

You cannot wear most types of armour.
You are amphibious.
You can wear up to eight rings at the same time.
Your skin changes colour to match your surroundings (Stealth+).
Your rubbery body absorbs attacks. (AC +1, EV +1)
((You are camouflaged when in or above water. (Stealth+)))
You have tentacles for arms and can constrict up to eight enemies at once.


Message History

The bullfrog zombie hits you but does no damage.
The mummy barely misses you. The bullfrog zombie hits you.
Your Earth Magic skill increases to level 1!
You thump the mummy!
The mummy is blasted by disruptive energy!!
You destroy the mummy!
The water moccasin zombie is no longer more vulnerable to fire.
The bullfrog zombie hits you.
A bullfrog zombie comes into view.
The bullfrog zombie hits you. The bullfrog zombie closely misses you.
The bullfrog zombie hits you.
* * * LOW HITPOINT WARNING * * *
The bullfrog zombie hits you.
* * * LOW HITPOINT WARNING * * *
The bullfrog zombie misses you.
The bullfrog zombie moves out of view.
It was a potion of invisibility.
You fade into invisibility!
The bullfrog zombie closely misses you. x2
It was a potion of brilliance.
You feel clever all of a sudden. The bullfrog zombie closely misses you.
The bullfrog zombie hits you.
* * * LOW HITPOINT WARNING * * *
The mummy barely misses you. The bullfrog zombie hits you.
* * * LOW HITPOINT WARNING * * *
The bullfrog zombie barely misses you.
It was a potion of heal wounds.
You feel much better. The bullfrog zombie hits you.
The bullfrog zombie closely misses you. The mummy closely misses you.
The bullfrog zombie closely misses you.
You bludgeon the bullfrog zombie!!
You destroy the bullfrog zombie!
The bullfrog zombie hits you. x2
* * * LOW HITPOINT WARNING * * *
The water moccasin zombie bites you.
* * * LOW HITPOINT WARNING * * *
The bullfrog zombie closely misses you.
The water moccasin zombie barely misses you.
The mummy hits you.
* * * LOW HITPOINT WARNING * * *
The bullfrog zombie hits you.
You die...

##### # #
#@M.#('Z#
#ZZZ'(#
#...#(+
##### #


You could see a mummy, a water moccasin zombie and 2 bullfrog zombies.

Vanquished Creatures
  Pargi (Sewer)
  A jelly (D:5)
  A bullfrog zombie (Ossuary)
  2 hounds
  A centaur zombie (Ossuary)
  An orc wizard (D:3)
  An iguana (D:4)
  A hound skeleton (D:4)
  5 mummies (Ossuary)
  4 adders
  8 gnolls (D:3)
  A white imp (D:5)
  3 worms
  2 dart slugs
  6 orcs
  8 endoplasms
  3 giant cockroaches
  2 goblins (D:4)
  3 hobgoblins
  12 jackals
  2 quokkas (D:2)
  7 ball pythons
  A frilled lizard (D:1)
  7 kobolds
  3 rats
  2 bushes (D:2)
88 creatures vanquished.

Vanquished Creatures (others)
  An endoplasm (D:1)
  2 plants (D:2)
  A withered plant (Ossuary)
4 creatures vanquished.

Grand Total: 92 creatures vanquished

Notes
Turn   | Place    | Note
-------+----------+-------------------------------------------
     0 | D:1      | Esekla the Octopode Cinder Acolyte began the quest for the
                  | Orb.
     0 | D:1      | Reached XP level 1. HP: 16/16 MP: 2/2
   244 | D:1      | Reached XP level 2. HP: 21/21 MP: 3/3
   247 | D:1      | Learned a level 2 spell: Scorch
   381 | D:1      | Found Qilovuoh's Antique Armour Boutique.
   456 | D:1      | Found a faded altar of an unknown god.
  1146 | D:2      | Reached XP level 3. HP: 21/26 MP: 4/4
  1627 | D:2      | Found Kaziclol's Weapon Shoppe.
  1685 | D:2      | Reached skill level 1 in Stealth
  1856 | D:2      | Reached XP level 4. HP: 16/31 MP: 5/5
  2692 | D:3      | Found a stormy altar of Qazlal.
  2739 | D:3      | Reached skill level 1 in Dodging
  3004 | D:3      | Found a glowing drain.
  3020 | Sewer    | Entered a sewer
  3120 | Sewer    | Noticed Pargi
  3155 | Sewer    | Killed Pargi
  3156 | Sewer    | Reached XP level 5. HP: 14/37 MP: 0/7
  3597 | D:3      | Reached XP level 6. HP: 43/43 MP: 4/9
  5106 | D:4      | Noticed a black bear
  5449 | D:4      | Found a staircase to the Ecumenical Temple.
  5563 | Temple   | Entered the Ecumenical Temple
  5856 | D:4      | Found a glowing silver altar of Zin.
  6283 | D:5      | Entered Level 5 of the Dungeon
  6334 | D:5      | Found a hazy altar of Hepliaklqana.
  6414 | D:5      | Identified the +1 ring mail of the Vestibule of Hell {rElec
                  | Dex+5}
  6418 | D:5      | Noticed Eustachio
  6434 | D:5      | Reached XP level 7. HP: 48/48 MP: 6/11
  6434 | D:5      | Found the +7 great mace "Undeadhunter" {disrupt, rN+}
  6502 | D:5      | Found a transporter.
  6506 | D:5      | Noticed crazypyro's ghost (amateur DsFi)
  6507 | D:5      | Found a transporter.
  6550 | D:5      | Found a sand-covered staircase.
  6587 | Ossuary  | Entered an ossuary
  6628 | Ossuary  | Reached skill level 1 in Short Blades
  6639 | Ossuary  | Reached skill level 1 in Earth Magic
  6641 | Ossuary  | HP: 1/48 [bullfrog zombie (2)]
  6643 | Ossuary  | Slain by a bullfrog zombie

Illustrated notes

Levels and vault maps discovered:
D:1:      dpeg_arrival_tiny_i, layout_basic,
          hellmonk_ecumenical_altar_heavens_door, serial_shops,
          nicolae_shop_hallway_plus, lemuel_flame_loot_1
D:2:      layout_loops_ring, serial_forest, infiniplex_forest_zigzag_2,
          infiniplex_forest_lined_room_3, infiniplex_forest_lined_2,
          infiniplex_forest_lined_4_way, infiniplex_forest_diagonal,
          infiniplex_forest_end_3, infiniplex_forest_straight_5,
          infiniplex_forest_lined_2, serial_shops,
          nicolae_shop_bloodbath_and_beyond
D:3:      layout_basic, mainiacjoe_overflow_tiny_flanked,
          cheibrodos_sewer_entry_drain
D:4:      layout_rooms, zin_statuary, minmay_temple_entry_wispy
D:5:      layout_basic, lemuel_tele_altar, gammafunk_ghost_mausoleum,
          nicolae_ossuary_entry_ruins, kennysheep_generic_room_7, uniq_eustachio
Temple:   eino_temple_rhombus
Ossuary:  ossuary_zaba_flooded

Skill      XL: |  1  2  3  4  5  6  7 |
---------------+----------------------+-----
Stealth        | 1 2 |  2.9
Dodging        | 1 2 |  2.2
Spellcasting   | 2 3 |  3.3
Fighting       | 4 |  4.3
Long Blades    | 4 |  4.2
Short Blades   | 1 |  1.0
Earth Magic    | 1 |  1.3
Maces & Flails | |  0.2
Throwing       | |  0.1
Transmutations | |  0.6
Fire Magic     | |  3.8
Air Magic      | |  0.6

Action                   |  1- 3 |  4- 6 |  7- 9 || total
-------------------------+-------+-------+-------++-------
Melee: Falchion          |    39 |   192 |     7 ||   238
       Constrict         |     8 |    15 |     1 ||    24
       Tentacles         |    12 |    62 |     1 ||    75
       Short sword       |    19 |     4 |       ||    23
       Punch             |       |     4 |     1 ||     5
       Dagger            |       |     3 |       ||     3
       Great mace        |       |       |    10 ||    10
Throw: Javelin           |       |     7 |     4 ||    11
       Throwing net      |       |     1 |       ||     1
 Cast: Scorch            |     7 |    41 |     5 ||    53
  Use: Potion            |       |       |     3 ||     3
 Stab: Sleeping          |    11 |     6 |       ||    17
       Distracted        |     1 |       |       ||     1
Armor: Skin              |     2 |     5 |     4 ||    11
Dodge: Dodged            |    24 |    57 |    23 ||   104
